[Event "Grand Prix Romania 1st Stage 2024"]
[Site "Bucuresti"]
[Date "2024.03.24"]
[Round "9.9"]
[White "Jianu, Vlad-Cristian"]
[Black "Gavrilescu, David"]
[Result "1/2-1/2"]
[ECO "E06"]
[WhiteElo "2491"]
[BlackElo "2524"]
[Annotator "TA"]
[PlyCount "132"]
[EventDate "2024.03.20"]
[EventType "swiss"]
[EventCountry "ROU"]
[SourceTitle "playchess.com"]
[Source "ChessBase"]
[SourceQuality "1"]
[TimeControl "900+5"]

1. d4 d5 2. c4 e6 3. Nf3 Nf6 4. g3 Be7 5. Bg2 O-O 6. O-O a5 7. Qc2 Nc6 8. a3 $1 dxc4 9. Qxc4 {[%emt 0:00:25] Weiß steht etwas besser.} a4 10. Bf4 Nd5 11. Nc3 Nxf4 12. gxf4 Bd7 13. Rad1 Bd6 14. e3 Ne7 15. Ne5 Be8 16. Bxb7 Rb8 17. Bg2 {[%emt 0:01:40] Weiß steht deutlich aktiver.} ({Günstiger ist} 17. Be4 $16) 17... Rxb2 $11 18. Rb1 Rxb1 19. Rxb1 Bxa3 20. Nxa4 Nf5 21. Nc5 Nh4 22. Be4 Bxc5 23. Qxc5 f6 24. Nc6 Bxc6 25. Qxc6 Qe7 26. Rc1 f5 27. Bd3 (27. Qxc7 $2 Qxc7 28. Rxc7 fxe4 $19) 27... h6 28. Qxc7 (28. Kf1 $16) 28... Nf3+ $14 29. Kf1 $1 (29. Kg2 Ne1+ 30. Kf1 Qxc7 (30... Nxd3 $2 31. Qxe7 Nxc1 32. Qxe6+ Kh7 33. Qc4 $18) 31. Rxc7 Nxd3 $17) 29... Qh4 30. Qc6 Qg4 $2 {[%emt 0:00:21] [#]} (30... Qh5 $1 $11) 31. h3 $1 $18 (31. Qxe6+ Kh8 32. Rc8 Nxh2+ 33. Ke1 Nf3+ 34. Kf1 Nh2+ 35. Ke1 Nf3+ 36. Kf1 Nh2+ $11) 31... Qh5 32. Qxe6+ Kh7 {[%emt 0:00:01] [#]} 33. Rc5 $2 (33. Kg2 Rf6 34. Qd5 Rg6+ 35. Kf1 Rg1+ 36. Ke2 Ne5+ (36... Rxc1 $2 37. Bxf5+ g6 38. Qd7+ Kh8 39. Bg4 $18) (36... Nxd4+ $2 37. Kd2 $18) 37. f3 Rg2+ (37... Rxc1 $2 38. Qxe5 Qf7 39. Qxf5+ Kg8 40. Kd2 $18) 38. Kd1 Qxh3 $15 (38... Nxd3 39. Rc8 $11)) (33. Qd5 $1 $18) 33... Nxd4 34. exd4 Qd1+ 35. Kg2 Qxd3 $11 {[%emt 0:00:02][%mdl 4096] Endspiel. KQR-KQR} 36. Qe3 $36 {[%emt 0:00:03][%mdl 2048] Weiss hat Initiative.} Qb1 37. Rc1 Qb7+ 38. Qf3 Qb6 (38... Qxf3+ {vereinfacht} 39. Kxf3 Kg6 40. h4 Rd8) 39. d5 Rf6 40. Rc6 Rg6+ (40... Rxc6 $1 $11 {und Schwarz steht sicher.} 41. dxc6 Qc5) 41. Rxg6 $18 Qxg6+ {[%emt 0:00:01] KQ-KQ} 42. Kh2 Qd6 43. Kg2 Qg6+ 44. Kf1 Qd6 45. Ke2 Qb4 46. Qd3 Qxf4 (46... Kg6 $16 47. d6 Qb2+ 48. Kf3 Qb7+ 49. Kg3 Qd7) 47. d6 Qe5+ 48. Kf1 (48. Kf3 $142 Qb2 49. Qxf5+ Kh8 50. d7 Qa3+ 51. Kg2 Qa8+ 52. Qf3) 48... Qa1+ 49. Kg2 Qa8+ 50. f3 Kg6 51. d7 Qd8 52. Qd6+ $2 (52. h4 Kf7 53. Qxf5+ Ke7 54. Qe5+ Kxd7 55. Qxg7+ Qe7 56. Qxh6) 52... Kf7 53. h4 g6 $2 (53... f4 54. h5 (54. Qxf4+ Ke6 $14) 54... Qg5+ 55. Kf2 Qh4+ 56. Kf1 Qh1+ 57. Ke2 Qg2+ 58. Ke1 Qg3+ 59. Kd2 Qf2+ 60. Kc3 Qxf3+ 61. Kc4 Qf1+ (61... Qe2+ $2 62. Kc5 $18) 62. Kc5 Qf2+ 63. Kc6 Qf3+ 64. Kc7 Qxh5 65. Qxf4+ (65. d8=R Qa5+ 66. Kc6 Qa6+ 67. Kd5 Qd3+ 68. Ke5 Qe3+ 69. Kf5 Qh3+ 70. Kxf4 Qf1+ 71. Ke5 Qe2+ 72. Kd4 Qd1+ 73. Kc5 Qc2+ 74. Kb5 Qb2+ 75. Kc6 Qc2+ 76. Qc5 Qa4+ 77. Kb6 Qe4 $18) 65... Ke6 66. Qc4+ (66. d8=R Qa5+ 67. Kc8 Qa6+ 68. Kb8 Qb6+ 69. Kc8 Qa6+ 70. Kb8 Qb5+ 71. Kc8 Qa6+ $11) (66. Qd6+ Kf7 67. d8=Q Qa5+ 68. Kc6 Qa4+ 69. Kb7 Qe4+ 70. Kb8 Qb1+ 71. Kc8 Qc2+ 72. Q8c7+ Qxc7+ 73. Kxc7 Kg8) 66... Qd5) 54. Kg3 $2 (54. f4 {Droht stark Kf3.} g5 55. fxg5 (55. Qxh6 Qa8+ 56. Kf2 Qa2+ 57. Kg3 Qa3+ 58. Kg2 Qb2+ 59. Kf1 Qb5+ 60. Kf2 Qb2+ 61. Ke3 Qc3+ 62. Kf2 Qd2+ 63. Kg1 Qe1+ 64. Kg2 Qe2+ 65. Kg1 Qe1+ 66. Kg2 Qe2+ 67. Kg3 Qe1+ 68. Kg2 $11) 55... hxg5 56. Qd5+ Kf6 57. h5) 54... g5 $2 (54... Kg7 $18 55. f4 Kf7) 55. h5 (55. Qxh6 gxh4+ 56. Kh3 (56. Qxh4 Qc7+ 57. Kf2 Qa7+ 58. Kg2 Qxd7 $11) 56... Qxd7 $11) 55... g4 56. fxg4 fxg4 57. Qg6+ Ke7 58. Qg7+ (58. Kxg4 Qxd7+ 59. Kf3 Qd1+ 60. Ke3 Qc1+ 61. Kd3 Qd1+ 62. Kc3 Qc1+ 63. Kd4 Qb2+ 64. Ke3 Qe5+ 65. Qe4 Qe6 $11) 58... Kd6 59. Qxh6+ (59. Kxg4 Qxd7+ 60. Qxd7+ Kxd7 $11) 59... Kxd7 60. Qg7+ $2 ({Lieber nicht} 60. Kxg4 Qg8+ 61. Qg5 Qxg5+ 62. Kxg5 Ke8 $11) (60. Qd2+ {setzt Matt} Ke8 61. Qxd8+ Kxd8 62. h6 (62. Kxg4 Ke8 $11) 62... Ke7 63. h7 (63. Kxg4 Kf8 $11) 63... Ke8 64. h8=Q+ (64. h8=R+ Ke7 65. Rh6 Kf7 66. Kxg4 Ke7 67. Kf5 Kd7 68. Ke5 Kc7) 64... Kd7 65. Qc3 (65. Kxg4 Kd6 66. Qc3 Ke6 67. Qd4 Kf7 68. Qe4 Kf8 69. Kf5 Kf7 70. Qb7+ Ke8 71. Ke6 Kf8 72. Qf7#)) 60... Ke6 $11 {[%emt 0:00:05] Die Stellung ist ausgeglichen.} 61. Qg6+ Ke5 62. Qg7+ Ke6 63. Qxg4+ Kf7 64. Qg6+ Kf8 65. h6 {[%emt 0:00:02] Droht Matt per Qg7+.} Qc7+ 66. Kg4 Qc4+ {[%emt 0:00:02] Weiß hat ein paar 100-prozentige Torchancen vergeben.   Gewichteter Fehlerwert: Weiß=0.42/Schwarz=0.35.  Verlustzug:     	---       	Schwarz=2     Gewinn verpasst:   	Weiß=1     	---        Fehler:       	Weiß=3     	Schwarz=3     Ungenau:       	Weiß=3     	Schwarz=6     OK:         	Weiß=8     	Schwarz=22    Bester:       	Weiß=5     	Schwarz=5     Stark:        	Weiß=3     	---} 1/2-1/2